 Zot Defence DCSS version 0.15.2 (webtiles) character file.

6340 nuthulu the Hoplite (level 10, -1/81 HPs)
             Began as a Minotaur Fighter on Mar 2, 2019.
             Was an Initiate of Yredelemnul.
             Slain by a white ugly thing (29 damage)
             ... in the Realm of Zot (Scenario I: Hall of Zot).
             The game lasted 00:09:50 (1720 turns).

nuthulu the Hoplite (Minotaur Fighter)              Turns: 1720, Time: 00:09:51

HP  -1/81        AC 10     Str 23      XL: 10   Next: 64%
MP   4/4         EV  8     Int  5      God: Yredelemnul [......]
Gold 0           SH 13     Dex 11      Spells:  0 memorised,  9 levels left

rFire  . . .     SeeInvis .     a - +0 war axe
rCold  . . .     Clarity  .     l - +3 scale mail {rN+}
rNeg   + . .     rCorr    .     c - +0 shield
rPois  .         rRot     .     (helmet restricted)
rElec  .         Spirit   .     (no cloak)
SustAb .         Warding  .     (no gloves)
rMut   .         Stasis   .     (no boots)
Gourm  .                        (no amulet)
MR     .....                    (no ring)
                                (no ring)

@: not resistant to hostile enchantments, extremely unstealthy
A: retaliatory headbutt, horns 2
a: Make oklob sapling, Make arrow trap, Make plant, Remove Curse, Make burning
bush, Make altar, Make grenades, Make oklob plant, Make net trap, Make ice
statue, Make spear trap, Renounce Religion


You were in the Realm of Zot.
You worshipped Yredelemnul.
Yredelemnul was noncommittal.
You were not hungry.

You visited 1 branch

Inventory:

Hand weapons
 a - a +0 war axe (weapon)
Armour
 b - a +0 scale mail
 c - a +0 shield (worn)
 l - a +3 scale mail of positive energy (worn)
Comestibles
 f - a bread ration
Scrolls
 k - a scroll of blinking
Potions
 d - 2 potions of curing
 e - a potion of might
 h - a potion of haste
 i - 2 potions of magic
 j - a potion of berserk rage


   Skills:
 + Level 5.2 Fighting
 + Level 12.8 Axes
 + Level 5.0 Armour
 + Level 2.1 Dodging
 + Level 13.1 Shields


You had 9 spell levels left.
You didn't know any spells.

Dungeon Overview and Level Annotations

Branches:
    Zot (1/1)

Altars:
Yredelemnul


Innate Abilities, Weirdness & Mutations

You reflexively headbutt those who attack you in melee.
You have a pair of horns on your head.


Message History

The brown ugly thing punches your oklob plant.
Your oklob plant is splashed with acid.
Your shield and scale mail prevent you from hitting the white ugly thing.
Your headbutt misses the white ugly thing.
Your oklob plant spits acid at the brown ugly thing.
The splash of acid hits the brown ugly thing.
The white ugly thing punches you! The white ugly thing freezes you!!
Your ice beast hits the brown ugly thing.
Your ice beast freezes the brown ugly thing!
The brown ugly thing punches your ice beast!
Your ice beast is splashed with acid.
Unknown command.
You hit the white ugly thing.
The white ugly thing is lightly wounded.
Your ice beast closely misses the white ugly thing.
Your oklob plant spits acid at the brown ugly thing.
The splash of acid hits the brown ugly thing.
The white ugly thing punches you. The white ugly thing freezes you!!
You die...
Your body rises from the dead as a mindless zombie.

######### ######### ....####
####.... .......### ###.......
.........## ##.........
..........# ▓▓▓▓▓▓▓▓▓ #..........
..........▓▓▓P..8..P▓▓▓..........
..........▓▓....).)..▓▓..........
.........)▓.%...Y))...▓%.........
..........)%)J))@u)))J)..........
..........▓....)Y))..)▓..........
..........▓▓..).u...%▓▓..........
..........▓▓▓P..P..P▓▓▓..........
..........▓ ▓▓▓▓▓▓▓▓▓ ▓..........
.........▓▓ ▓▓.........
.......▓▓▓ ▓▓▓....... ....▓▓▓▓
▓▓▓▓.... ▓▓▓▓▓▓▓▓ ▓▓▓▓▓▓▓▓


You could see 2 ugly things, 2 slime creatures, a friendly ice statue, 5
friendly oklob plants and 2 friendly ice beasts.

Vanquished Creatures
  A centaur warrior (Zot)
  A wizard (Zot)
  A sky beast (Zot)
  A phantom (Zot)
  A giant frog (Zot)
  A gnoll shaman (Zot)
  A worker ant (Zot)
  2 adders (Zot)
  A worm zombie (Zot)
  An orc zombie (Zot)
  2 worms (Zot)
  2 adder skeletons (Zot)
  5 oozes (Zot)
  5 orcs (Zot)
  A ball python (Zot)
  2 bats (Zot)
  A bat skeleton (Zot)
  3 giant cockroaches (Zot)
  5 hobgoblins (Zot)
  3 jackals (Zot)
  2 kobolds (Zot)
  2 quokkas (Zot)
  4 giant newts (Zot)
  3 goblins (Zot)
  6 goblin skeletons (Zot)
  5 hobgoblin skeletons (Zot)
  2 hobgoblin zombies (Zot)
  A jackal skeleton (Zot)
  A jackal zombie (Zot)
  A kobold skeleton (Zot)
  A kobold zombie (Zot)
  6 orc skeletons (Zot)
  4 rats (Zot)
78 creatures vanquished.

Vanquished Creatures (collateral kills)
  Josephine (Zot)
  An ugly thing (Zot)
  A centaur skeleton (Zot)
  A yaktaur (Zot)
  A slime creature (Zot)
  4 redbacks (Zot)
  A yak (Zot)
  A wyvern (Zot)
  A water moccasin (Zot)
  2 phantoms (Zot)
  A black bear (Zot)
  2 ogres (Zot)
  A big kobold (Zot)
  2 killer bees (Zot)
  A hound (Zot)
  2 orc wizards (Zot)
  An iguana (Zot)
  A worker ant (Zot)
  Ijyb (Zot)
  Terence (Zot)
  A gnoll (Zot)
  5 adders (Zot)
  2 shadow imps (Zot)
  A giant mite (Zot)
  3 worms (Zot)
  2 adder zombies (Zot)
  7 orcs (Zot)
  6 bats (Zot)
  3 giant cockroaches (Zot)
  15 goblins (Zot)
  13 hobgoblins (Zot)
  2 jackals (Zot)
  3 quokkas (Zot)
  2 giant newts (Zot)
  A giant spore (Zot)
  A goblin zombie (Zot)
  A hobgoblin skeleton (Zot)
  7 kobolds (Zot)
  A kobold skeleton (Zot)
  An orc skeleton (Zot)
  A quokka zombie (Zot)
  5 rats (Zot)
  5 butterflies (Zot)
115 creatures vanquished.

Vanquished Creatures (others)
  3 oklob saplings (Zot)
  A butterfly (Zot)
4 creatures vanquished.

Grand Total: 197 creatures vanquished

Notes
Turn   | Place    | Note
--------------------------------------------------------------
     0 | Zot      | nuthulu, the Minotaur Fighter, began the quest for the Orb.
     0 | Zot      | Reached XP level 1. HP: 19/19 MP: 1/1
   210 | Zot      | Reached XP level 2. HP: 25/27 MP: 1/1
   228 | Zot      | Reached skill level 4 in Shields
   234 | Zot      | Reached XP level 3. HP: 33/33 MP: 2/2
   330 | Zot      | Reached XP level 4. HP: 40/40 MP: 2/2
   640 | Zot      | Noticed Terence
   647 | Zot      | Reached skill level 5 in Shields
   658 | Zot      | Killed Terence
   658 | Zot      | Reached XP level 5. HP: 26/46 MP: 2/2
   740 | Zot      | Noticed Ijyb
   762 | Zot      | Killed Ijyb
   838 | Zot      | Reached XP level 6. HP: 52/52 MP: 3/3
   841 | Zot      | Reached skill level 5 in Axes
   856 | Zot      | Became a worshipper of Yredelemnul the Dark
   901 | Zot      | Reached skill level 6 in Shields
  1062 | Zot      | Reached XP level 7. HP: 59/59 MP: 3/3
  1118 | Zot      | Reached skill level 7 in Shields
  1126 | Zot      | Noticed Ogaeleow
  1131 | Zot      | HP: 2/59 [Ogaeleow/arrow (10)]
  1139 | Zot      | Killed Ogaeleow the centaur warrior
  1139 | Zot      | Reached skill level 9 in Axes
  1139 | Zot      | Reached XP level 8. HP: 13/66 MP: 3/3
  1205 | Zot      | Reached skill level 10 in Shields
  1340 | Zot      | Noticed Josephine
  1352 | Zot      | Killed Josephine
  1352 | Zot      | Reached skill level 10 in Axes
  1352 | Zot      | Reached skill level 11 in Shields
  1352 | Zot      | Reached XP level 9. HP: 39/71 MP: 4/4
  1486 | Zot      | Noticed a centaur skeleton
  1490 | Zot      | Killed a centaur skeleton
  1490 | Zot      | Reached skill level 12 in Shields
  1516 | Zot      | Reached XP level 10. HP: 73/79 MP: 4/4
  1541 | Zot      | Noticed Blexug
  1556 | Zot      | Killed Blexug the wizard
  1633 | Zot      | Reached skill level 13 in Shields
  1699 | Zot      | Noticed a cyan ugly thing
  1702 | Zot      | Reached skill level 1 in Dodging
  1704 | Zot      | Killed a cyan ugly thing
  1704 | Zot      | Reached skill level 5 in Fighting
  1704 | Zot      | Reached skill level 5 in Armour
  1710 | Zot      | Noticed a brown ugly thing
  1712 | Zot      | Noticed a white ugly thing
  1720 | Zot      | Slain by a white ugly thing

Action                   |  1- 3 |  4- 6 |  7- 9 | 10-12 || total
-------------------------+-------+-------+-------+-------++-------
Melee: War axe           |    23 |    73 |    37 |     9 ||   142
 Abil: Make oklob saplin |     2 |     1 |       |       ||     3
       Make altar        |       |     1 |       |       ||     1
       Make oklob plant  |       |       |     5 |       ||     5
       Make ice statue   |       |       |       |     1 ||     1
  Use: Potion            |       |       |     2 |       ||     2
 Stab: Distracted        |       |     2 |       |       ||     2
